 Dungeon Crawl Stone Soup version 0.27-a0-1312-g5cdb2b3542 (webtiles) character file.

Game seed: 13478666001763537317

8627 Conn the Arsonist (level 11, -7/69 HPs)
             Began as an Octopode Fire Elementalist on June 19, 2021.
             Was an Initiate of Sif Muna.
             Killed by an exploding troll (11 damage)
             ... ignited by their inner flame
             ... on level 11 of the Dungeon.
             The game lasted 00:28:21 (10892 turns).

Conn the Arsonist (Octopode Fire Elementalist)     Turns: 10892, Time: 00:28:25

Health: -7/69      AC:  6    Str:  7    XL:     11   Next: 33%
Magic:  1/32       EV: 15    Int: 27    God:    Sif Muna [......]
Gold:   357        SH:  0    Dex: 13    Spells: 10/26 levels left

rFire    + + .     SeeInvis .   C - +3 dagger (protect)
rCold    + . .     Faith    .   (no shield)
rNeg     . . .     Spirit   .   v - +1 hat {Stlth+}
rPois    .         Reflect  .   a - amulet of regeneration
rElec    .         Harm     .   f - ring of protection from fire
rCorr    .         Rampage  .   n - ring of magical power
Will     .....                  b - +4 ring of protection
Stlth    ++++++....             e - ring of protection from cold
HPRegen  1.21/turn              p - ring of protection from fire
MPRegen  0.23/turn              H - +6 ring of intelligence
                                (no ring)
                                (no ring)

@: spiked
A: almost no armour, amphibious, 8 rings, camouflage 1, gelatinous body 1,
(nimble swimmer 1), tentacles
a: Renounce Religion


You were on level 11 of the Dungeon.
You worshipped Sif Muna.
Sif Muna was noncommittal.
You visited 2 branches of the dungeon, and saw 13 of its levels.

You collected 469 gold pieces.
You spent 112 gold pieces at shops.

Inventory:

Hand Weapons
 o - a +1 short sword of venom
 C - a +3 dagger of protection (weapon)
Missiles
 c - 38 poisoned darts
 t - a throwing net
Armour
 v - a +1 hat of stealth (worn)
 D - a +0 buckler
Jewellery
 a - an amulet of regeneration (around mantle)
 b - a +4 ring of protection (on tentacle)
 e - a ring of protection from cold (on tentacle)
 f - a ring of protection from fire (left tentacle)
 n - a ring of magical power (right tentacle)
 p - a ring of protection from fire (on tentacle)
 H - a +6 ring of intelligence (on tentacle)
Wands
 k - a wand of paralysis (8)
 y - a wand of flame (23)
 A - a wand of iceblast (30)
 B - a wand of polymorph (9)
 J - a wand of charming (10)
Scrolls
 g - a scroll of holy word
 h - a scroll of teleportation
 j - 6 scrolls of identify
 l - a scroll of fear {unknown}
 m - 4 scrolls of magic mapping
 s - a scroll of enchant weapon
 F - a scroll of brand weapon {unknown}
 G - a scroll of amnesia {unknown}
 I - a scroll of vulnerability {unknown}
Potions
 d - a potion of flight
 q - a potion of resistance
 u - a potion of degeneration {unknown}
 w - a potion of lignification {unknown}
 x - 3 potions of brilliance {unknown}
 z - 3 potions of curing
 E - a potion of magic {unknown}


   Skills:
 + Level 4.1 Fighting
 + Level 5.4 Short Blades
 + Level 5.7 Dodging
 + Level 7.4 Stealth
 + Level 8.1 Spellcasting
 + Level 7.6 Conjurations
 + Level 8.7 Fire Magic
 + Level 1.2 Evocations


You had 10 spell levels left.
You knew the following spells:

 Your Spells              Type           Power      Damage    Failure   Level
a - Foxfire               Conj/Fire      100%       2x1d9     1%          1
b - Conjure Flame         Conj/Fire      53%        6-21      1%          3
c - Inner Flame           Hex/Fire       34%        N/A       2%          3
d - Sticky Flame          Conj/Fire      53%        2d7       1%          4
e - Fireball              Conj/Fire      26%        3d12      4%          5

Your spell library contained the following spells:

 Spells                   Type           Power      Damage    Failure   Level
 Dazzling Flash           Conj/Hex       62%        N/A       3%          3
 Corona                   Hex            11%        N/A       5%          1
 Ensorcelled Hibernation  Hex/Ice        20%        N/A       8%          2
 Confusing Touch          Hex            10%        N/A       16%         3
 Tukima's Dance           Hex            10%        N/A       16%         3


Dungeon Overview and Level Annotations

Branches:
Dungeon (12/15)            Temple (1/1) D:5            Lair (0/6) D:8
    Orc: D:9-12

Altars:
Ashenzari
Cheibriados
Dithmenos
Elyvilon
Fedhas
Gozag
Hepliaklqana
Kikubaaqudgha
Makhleb
Nemelex Xobeh
Okawaru
Qazlal
Ru
Sif Muna
Trog
Uskayaw
Vehumet
Wu Jian
Xom
Yredelemnul
Zin
The Shining One

Shops:
D:9 !

Annotations:
D:3 Grinder
D:6 1 runed translucent door, fliflo's ghost, novice GrEE
D:10 2 transporters
D:12 1 runed translucent door, Kirke


Innate Abilities, Weirdness & Mutations

You cannot wear most types of armour.
You are amphibious.
You can wear up to eight rings at the same time.
Your skin changes colour to match your surroundings (Stealth+).
Your rubbery body absorbs attacks. (AC +1, EV +1)
((You are camouflaged near water. (Stealth+)))
You have tentacles for arms and can constrict up to eight enemies at once.


Message History

Confirm with . or Enter, or press ? or * to list all spells.
Aiming: Fireball (dangerous; 4% risk of failure)
Press: ? - help, Shift-Dir - straight line, f - manticore, p - troll
Aim: a manticore The fireball explodes!
The fireball engulfs the manticore!
The manticore is moderately wounded.
The troll burns!
The troll bites you. The troll closely misses you. x2
Aiming: Charm
Press: ? - help, Shift-Dir - straight line, f/p - manticore
Aim: a manticore (moderately wounded, chance to affect: 32%)
The manticore easily resists.
The troll burns!
The troll barely misses you. The troll claws you! x2
* * * LOW HITPOINT WARNING * * *
There are monsters nearby!
Okay, then.
Unknown command.
Unknown command.
Okay, then.
Okay, then.
Okay, then.
Okay, then.
Okay, then.
As you read the scroll labelled QEQEWKUNOE, it crumbles to dust.
The creatures around you are filled with an inner flame!
It was a scroll of immolation.
The troll burns!
Flame seeps out of the troll.
The troll is engulfed in blazing flames.
Flame seeps out of the troll.
The troll bites you!
* * * LOW HITPOINT WARNING * * *
The troll closely misses you. The troll misses you.
The manticore closely misses you. The manticore claws you!
* * * LOW HITPOINT WARNING * * *
The manticore closely misses you.
As you read the scroll labelled JYGAJE KOLAEK, it crumbles to dust.
Wisps of shadow whirl around you...
It was a scroll of summoning.
The troll burns!
Flame seeps out of the troll.
The troll is engulfed in blazing flames.
Sif Muna accepts your kill.
The troll explodes!
The fiery explosion engulfs you! You resist.
You die... ###########o# #.(..ZH@○ooo# #.###########

You could see a manticore (inner flame, ally target), a friendly orc warrior (summoned), a friendly orc priest (summoned, wandering), a friendly orc wizard (summoned, wandering), a friendly orc (summoned, wandering) and a friendly centaur warrior zombie (summoned).

Vanquished Creatures
  5 two-headed ogres
  Pikel (D:6)
  2 trolls
  A hornet (D:10)
  Prince Ribbit (D:6)
  A wraith (D:10)
  4 hogs (D:12)
  Edmund (D:4)
  An acid dragon (D:9)
  A water moccasin (D:7)
  2 orc warriors (D:9)
  2 ice beasts (D:7)
  A hornet zombie (D:9)
  A necrophage (D:6)
  A sky beast (D:5)
  2 centaurs
  3 phantoms
  4 lemures (D:6)
  2 kobold brigands
  3 scorpions
  A wyvern zombie (D:5)
  A wyvern skeleton (D:7)
  11 killer bees
  4 wights (D:7)
  4 howler monkeys
  A bullfrog zombie (D:6)
  2 centaur zombies
  A jelly (D:5)
  An orc priest (D:4)
  A bullfrog skeleton (D:6)
  3 gnoll shamans
  3 hounds
  3 centaur skeletons
  2 iguanas
  4 orc wizards
  A killer bee zombie (D:8)
  2 hound zombies (D:5)
  A howler monkey zombie (D:8)
  21 gnolls
  4 adders
  2 shadow imps
  A white imp (D:8)
  An ufetubus (D:5)
  A worm (D:3)
  4 dart slugs
  30 orcs
  5 ball pythons
  4 endoplasms
  2 giant cockroaches (D:5)
  8 goblins
  5 hobgoblins
  6 jackals (D:2)
  19 kobolds
  6 quokkas
  7 bats
  8 frilled lizards
  6 rats
225 creatures vanquished.

Vanquished Creatures (others)
  774 foxfires
  2 withered plants (D:6)
776 creatures vanquished.

Grand Total: 1001 creatures vanquished

Notes
Turn   | Place    | Note
-------+----------+-------------------------------------------
     0 | D:1      | Conn the Octopode Fire Elementalist began the quest for the
                  | Orb.
     0 | D:1      | Reached XP level 1. HP: 11/11 MP: 3/3
   265 | D:1      | Reached XP level 2. HP: 17/17 MP: 3/5
   851 | D:1      | Reached XP level 3. HP: 22/22 MP: 4/6
  1848 | D:2      | Found a faded altar of an unknown god.
  2042 | D:2      | Reached XP level 4. HP: 18/27 MP: 7/7
  2926 | D:3      | Reached XP level 5. HP: 32/32 MP: 5/9
  3330 | D:4      | Noticed Edmund
  3344 | D:4      | Noticed Grinder
  3359 | D:3      | Learned a level 3 spell: Conjure Flame
  3364 | D:3      | Learned a level 3 spell: Inner Flame
  3538 | D:4      | Reached XP level 6. HP: 25/37 MP: 11/11
  3677 | D:4      | Reached skill level 1 in Fighting
  3677 | D:4      | Reached skill level 1 in Short Blades
  3760 | D:4      | Killed Edmund
  3807 | D:4      | Reached XP level 7. HP: 43/43 MP: 12/12
  4426 | D:4      | Learned a level 4 spell: Sticky Flame
  4435 | D:5      | Entered Level 5 of the Dungeon
  4435 | D:5      | Found a staircase to the Ecumenical Temple.
  4435 | D:5      | Found a broken altar of Ashenzari.
  4453 | Temple   | Entered the Ecumenical Temple
  4914 | D:6      | Reached skill level 5 in Fire Magic
  4914 | D:6      | Reached XP level 8. HP: 50/50 MP: 14/14
  4970 | D:6      | Reached skill level 1 in Evocations
  5141 | D:6      | Noticed Pikel
  5190 | D:6      | Killed Pikel
  5191 | D:6      | Reached skill level 5 in Spellcasting
  5355 | D:5      | Reached skill level 5 in Stealth
  5355 | D:5      | Reached XP level 9. HP: 56/56 MP: 16/16
  6243 | D:6      | Found a runed translucent door.
  6244 | D:6      | Noticed fliflo's ghost (novice GrEE)
  6512 | D:6      | Noticed Prince Ribbit
  6523 | D:6      | Killed Prince Ribbit
  6625 | D:6      | Found a glowing golden altar of the Shining One.
  6676 | D:6      | Learned a level 5 spell: Fireball
  6916 | D:7      | Reached skill level 5 in Conjurations
  7422 | D:7      | Found an ornate altar of the Wu Jian Council.
  7422 | D:7      | Found a stormy altar of Qazlal.
  8056 | D:8      | Reached XP level 10. HP: 60/63 MP: 19/19
  8401 | D:8      | Found a shadowy altar of Dithmenos.
  8510 | D:8      | Found a staircase to the Lair.
  8918 | D:9      | Noticed a two-headed ogre
  9224 | D:9      | Found Ociun's Distillery.
  9233 | D:9      | Bought a potion of curing for 42 gold pieces
  9233 | D:9      | Bought a potion of heal wounds for 70 gold pieces
  9547 | D:9      | Reached skill level 5 in Short Blades
  9736 | D:9      | Found a burning altar of Makhleb.
  9826 | D:9      | Found a glowing silver altar of Zin.
  9917 | D:9      | Killed a two-headed ogre
  9918 | D:9      | Reached skill level 5 in Dodging
 10174 | D:10     | Entered Level 10 of the Dungeon
 10261 | D:10     | Noticed an orc high priest
 10261 | D:10     | Noticed a kobold demonologist
 10261 | D:10     | Noticed a fire crab
 10264 | D:10     | Found a transporter.
 10265 | D:10     | Found a transporter.
 10341 | D:10     | Noticed a deep elf knight
 10375 | D:10     | Noticed a two-headed ogre
 10404 | D:10     | Killed a two-headed ogre
 10665 | D:10     | Noticed a two-headed ogre
 10712 | D:10     | Killed a two-headed ogre
 10713 | D:10     | Reached XP level 11. HP: 44/69 MP: 22/22
 10776 | D:10     | Found a shimmering blue altar of Sif Muna.
 10784 | D:10     | Became a worshipper of Sif Muna the Loreminder
 10827 | D:10     | You fall into a shaft and drop 2 floors!
 10832 | D:12     | Noticed a two-headed ogre
 10834 | D:12     | Noticed Kirke
 10849 | D:12     | Noticed a two-headed ogre
 10859 | D:12     | Killed a two-headed ogre
 10879 | D:12     | Killed a two-headed ogre
 10880 | D:12     | Noticed a lindwurm
 10883 | D:12     | Found a runed translucent gate.
 10887 | D:11     | Noticed a manticore
 10891 | D:11     | HP: 3/69 [manticore (7)]
 10892 | D:11     | Killed by an exploding troll... ignited by their inner
                  | flame

Illustrated notes

Levels and vault maps discovered:
D:1:      dpeg_arrival_court, layout_basic, serial_curves, eino_curves_04,
          eino_curves_01, eino_curves_04, hangedman_decor_growths
D:2:      layout_loops_ring, hellmonk_ecumenical_altar_pennies_from_heaven
D:3:      minmay_spotlight, layout_loops_cross
D:4:      layout_loops_ring, uniq_grinder, uniq_edmund
D:5:      layout_loops_ring, cheibrodos_ashenzari_chains,
          minmay_temple_entry_trees, portal_sewer_entry_f
D:6:      layout_basic, tso_altar, gammafunk_ghost_grave, st_stairs_5,
          uniq_pikel, uniq_prince_ribbit1
D:7:      layout_basic, chequers_temple_overflow_statue_of_worship
D:8:      layout_cave_pods, overflow_temple_1_default, lair_entry_dummy,
          minmay_misc_feat_five, amcnicky_mini_corridor_feature
D:9:      layout_gridville, overflow_temple_1_default, kennysheep_little_box,
          serial_shops, shop, grunt_ministairs_14, nrook_pool_corridor
D:10:     gammafunk_wand_slinger, layout_irregular_city, lemuel_crystal_altar
D:11:     layout_loops_ring, uniq_snorg, uniq_josephine
D:12:     layout_rooms, david_orc_4, serial_shops, nicolae_shop_trees,
          portal_ice_cave_entry_animals_and_master, gammafunk_ghost_hydra_chop,
          minmay_misc_feat_plants, uniq_kirke
Temple:   eino_temple_lava

Skill      XL: |  1  2  3  4  5  6  7  8  9 10 11 |
---------------+----------------------------------+-----
Stealth        | 3 4 5 6 7 |  7.4
Spellcasting   | 3 4 5 6 7 8 |  8.1
Conjurations   | 2 3 4 5 7 |  7.6
Fire Magic     | 4 5 7 8 |  8.7
Fighting       | 1 2 3 4 |  4.1
Short Blades   | 1 3 4 5 |  5.4
Dodging        | 3 4 5 |  5.7
Evocations     | 1 |  1.2

Action                   |  1- 3 |  4- 6 |  7- 9 | 10-12 || total
-------------------------+-------+-------+-------+-------++-------
Melee: Short sword       |     9 |    41 |   117 |       ||   167
       Constrict         |     6 |     9 |    21 |    13 ||    49
       Dagger            |    11 |       |       |    88 ||    99
       Tentacles         |     4 |     8 |    19 |    12 ||    43
 Cast: Foxfire           |    61 |    96 |   182 |   108 ||   447
       Conjure Flame     |       |     2 |    11 |     7 ||    20
       Sticky Flame      |       |       |     9 |    14 ||    23
       Fireball          |       |       |       |     3 ||     3
Evoke: Wand              |       |       |     2 |     1 ||     3
  Use: Scroll            |       |     5 |     2 |     5 ||    12
       Potion            |       |     2 |       |     1 ||     3
 Stab: Sleeping          |       |     2 |     7 |     6 ||    15
       Paralysed         |       |       |     2 |       ||     2
Armor: Skin              |     1 |    14 |    44 |    34 ||    93
Dodge: Dodged            |    35 |    51 |   121 |    94 ||   301

Table legend: (Time is in decaauts)
 A = Elapsed time spent in this place.
 B = Non-inter-level travel time spent in this place.
 C = Inter-level travel time spent in this place.
 D = Time resting spent in this place.
 E = Time spent auto-exploring this place.
 F = Levels seen in this place.
 G = Mean time per level.
                   A        B        C        D        E       F      G
               +--------+--------+--------+--------+--------+-----+--------+
         Total |  10862 |  10656 |    206 |    278 |   7071 |  13 |  835.5 |
       Dungeon |  10819 |  10613 |    206 |    278 |   7071 |  12 |  901.6 |
        Temple |     42 |     42 |      0 |      0 |      0 |   1 |   42.0 |
               +--------+--------+--------+--------+--------+-----+--------+

Top non-repeatable levels by time:
     D:1: 1337 daAuts
     D:6: 1276 daAuts
     D:7: 1249 daAuts
     D:3: 1141 daAuts
     D:9: 1085 daAuts
     D:8: 1036 daAuts
     D:5: 1034 daAuts
     D:4: 985 daAuts
     D:2: 953 daAuts
    D:10: 655 daAuts
    D:12: 58 daAuts
  Temple: 42 daAuts
    D:11: 4 daAuts
